AoeStats
← Vaan

MegaRandom

507276138Analyzed
4v4 RM · 15d ago on Sep 17, 2026· 47m 11s· 8 players
Game mode
Random Map
Map size
Large (8 player)
Population
200
Speed
Normal
Resources
Standard
Victory
Conquest
Starting age
Dark Age
Ending age
Imperial Age
RankedLock teamsTeams togetherTeam positionsShared explorationLock speedFull tech treeHidden civsTurbo modeCheats
Victory
Defeat
🇦🇹 Celts · Austria
1071
+13
🇦🇷 Mongols · Argentina
1052
+14
🇲🇽 Persians · Mexico
1028
+36
🇷🇴 Vietnamese · Romania
1027
+15
🇨🇳 Ethiopians · China
1019
-15
🇹🇭 Slavs · Thailand
1011
-14
🇹🇼 Persians · Taiwan
1010
-14
🇨🇳 Italians · China
992
-14
MrOpera
8:09 Loom
10:51 Feudal Age
11:41 Horse Collar
20:56 Castle Age
19:15 Double-Bit Axe
19:24 Gold Mining
20:10 Bloodlines
20:36 Scale Barding Armor
22:04 Forging
22:18 Husbandry
24:21 Town Watch
27:37 Wheelbarrow
31:24 Hand Cart
32:39 Chain Barding Armor
34:03 Stone Mining
38:19 Imperial Age
36:15 Fletching
37:17 Bow Saw
37:09 Heavy Plow
37:16 Bodkin Arrow
38:22 Thumb Ring
39:29 Ballistics
43:09 Two-Man Saw
41:46 Elite Rattan Archer
44:27 Bracer
44:28 Padded Archer Armor
46:33 Paper Money
46:36 Leather Archer Armor
djgam0110
6:37 Loom
11:49 Feudal Age
16:11 Castle Age
16:31 Wheelbarrow
16:37 Double-Bit Axe
22:15 Bloodlines
25:40 Husbandry
25:56 Forging
25:56 Scale Barding Armor
27:13 Bow Saw
28:31 Iron Casting
29:25 Chain Barding Armor
29:57 Hand Cart
31:06 Gold Mining
36:13 Imperial Age
36:07 Cavalier
38:18 Gold Shaft Mining
39:38 Two-Man Saw
39:25 Conscription
39:07 Savar
42:13 Blast Furnace
41:50 Plate Barding Armor
Bantum
3:05 Loom
10:58 Feudal Age
12:07 Double-Bit Axe
17:08 Castle Age
21:42 Fletching
23:59 Gold Mining
32:45 Scale Mail Armor
34:38 Pikeman
36:36 Gold Shaft Mining
36:43 Horse Collar
38:53 Chain Mail Armor
38:48 Forging
42:03 Imperial Age
42:23 Bow Saw
42:08 Halberdier
KEVINLUCIANO631
9:02 Loom
10:48 Feudal Age
15:56 Castle Age
15:23 Wheelbarrow
15:27 Double-Bit Axe
15:46 Horse Collar
17:15 Bow Saw
28:06 Imperial Age
26:03 Fletching
26:14 Padded Archer Armor
27:14 Hand Cart
27:25 Bodkin Arrow
27:45 Leather Archer Armor
27:30 Crossbowman
28:16 Thumb Ring
28:19 Gold Mining
28:19 Arbalester
29:27 Bracer
30:19 Thumb Ring
30:48 Stone Mining
32:17 Chemistry
31:37 Ballistics
31:49 Ballistics
33:02 Gold Shaft Mining
34:45 Scale Barding Armor
34:51 Forging
37:43 Stone Shaft Mining
39:50 Conscription
38:55 Elite Mangudai
46:03 Conscription
46:55 Parthian Tactics
47:48 Chain Barding Armor
SB 打碎小粉紅
5:53 Loom
11:55 Feudal Age
13:13 Wheelbarrow
14:07 Double-Bit Axe
16:52 Castle Age
15:18 Horse Collar
19:54 Bow Saw
22:03 Heavy Plow
23:29 Hand Cart
23:00 Town Watch
23:37 Gold Mining
23:37 Stone Mining
30:46 Imperial Age
28:39 Man-at-Arms
28:39 Pikeman
29:20 Squires
30:08 Long Swordsman
30:51 Scale Mail Armor
31:01 Forging
31:04 Town Patrol
32:15 Gold Shaft Mining
31:19 Two-Handed Swordsman
31:58 Capped Ram
33:01 Conscription
33:23 Crop Rotation
32:50 Halberdier
33:51 Chain Mail Armor
34:44 Iron Casting
35:16 Plate Mail Armor
34:39 Champion
36:31 Druzhina
38:45 Blast Furnace
37:36 Fletching
38:24 Elite Skirmisher
39:10 Padded Archer Armor
38:45 Siege Ram
40:04 Heavy Scorpion
Vaan
11:54 Feudal Age
12:46 Horse Collar
12:52 Double-Bit Axe
18:06 Castle Age
26:17 Heavy Plow
26:32 Bow Saw
27:28 Wheelbarrow
31:53 Scale Barding Armor
31:58 Forging
35:57 Hand Cart
35:28 Town Watch
39:55 Imperial Age
38:20 Bloodlines
38:11 Husbandry
38:35 Chain Barding Armor
38:50 Iron Casting
39:42 Cavalier
41:20 Plate Barding Armor
41:46 Blast Furnace
41:33 Savar
43:25 Conscription
43:06 Kamandaran
44:03 Thumb Ring
43:19 Crossbowman
45:16 Padded Archer Armor
45:06 Fletching
46:37 Leather Archer Armor
46:53 Ballistics
47:34 Chemistry
47:57 Crop Rotation
知行
2:31 Loom
11:17 Feudal Age
15:09 Castle Age
13:04 Double-Bit Axe
13:04 Horse Collar
18:45 Loom
24:58 Wheelbarrow
24:48 Bow Saw
30:46 Imperial Age
29:02 Bloodlines
28:53 Husbandry
29:12 Light Cavalry
30:08 Forging
30:04 Scale Barding Armor
31:28 Iron Casting
32:30 Chain Barding Armor
32:26 Hussar
34:42 Chemistry
34:54 Blast Furnace
35:59 Plate Barding Armor
36:59 Padded Archer Armor
37:21 Ballistics
着什么急
5:27 Loom
11:06 Feudal Age
13:07 Gold Mining
13:05 Double-Bit Axe
17:28 Fletching
19:28 Horse Collar
23:08 Castle Age
22:30 Padded Archer Armor
24:25 Thumb Ring
23:40 Crossbowman
24:44 Squires
Connection lost

Rejoining the realm…

Still unreachable

The connection could not be restored.

Session expired

The server has moved on; the page needs a fresh start.